 Dungeon Crawl Stone Soup version 0.20.1-1-g8b1a95d (webtiles) character file.

2981 polve the Grappler (level 9, -19/97 HPs)
             Began as a Troll Fighter on Aug 13, 2017.
             Demolished by an ogre
             ... wielding a +0 giant club
              (24 damage)
             ... on level 8 of the Dungeon.
             The game lasted 00:08:55 (6176 turns).

polve the Grappler (Troll Fighter)                  Turns: 6176, Time: 00:08:55

Health: -19/97     AC:  7    Str: 34    XL:     9   Next: 53%
Magic:  8/8        EV:  8    Int:  4    God:
Gold:   339        SH: 10    Dex: 12    Spells: 8/8 levels left

rFire    + . .     SeeInvis +     - Unarmed
rCold    . . .     Gourm    +   b - +0 shield
rNeg     . . .     Faith    .   E - +1 robe {rF+}
rPois    .         Spirit   .   (helmet restricted)
rElec    .         Reflect  .   p - +0 cloak
rCorr    .         Harm     .   (gloves unavailable)
MR       .....                  (boots unavailable)
Stlth    +.........             f - amulet of regeneration
Regen    1.1/turn               B - ring of see invisible
MPRegen  0.2/turn               H - +3 ring of strength

@: mighty
A: unfitting armour, claws 3, fast metabolism 3, gourmand, regeneration 1,
shaggy fur 1, tough skin 2
a: no special abilities


You were on level 8 of the Dungeon.
You were completely stuffed.

You visited 2 branches of the dungeon, and saw 9 of its levels.
You also visited: Ossuary.

You collected 475 gold pieces.
You spent 136 gold pieces at shops.

Inventory:

Armour
 b - a +0 shield (worn)
 p - a +0 cloak (worn)
 E - a +1 robe of fire resistance (worn)
 I - the +1 robe of Lethargy {rElec MR- Str+5}
   (You bought it in a shop on level 5 of the Dungeon)

   It affects your strength (+5).
   It insulates you from electricity.
   It affects your resistance to hostile enchantments.
Jewellery
 f - an amulet of regeneration (around neck)
 B - a ring of see invisible (left claw)
 H - a +3 ring of strength (right claw)
Scrolls
 a - a scroll of identify
 i - a scroll of acquirement {unknown}
 k - 4 scrolls of teleportation
 m - 2 scrolls of magic mapping
 s - 2 scrolls of immolation {unknown}
 v - a scroll of amnesia {unknown}
 y - 2 scrolls of fog {unknown}
 z - 2 scrolls of blinking
 A - a scroll of random uselessness {unknown}
 F - a scroll of noise {unknown}
 J - a scroll of vulnerability {unknown}
 M - a scroll of enchant weapon {unknown}
 N - a scroll of enchant armour {unknown}
Potions
 c - 3 potions of might
 e - a potion of magic {unknown}
 l - a potion of degeneration {unknown}
 n - 4 potions of heal wounds
 o - 5 potions of lignification
 q - 6 potions of mutation
 t - a potion of haste
 u - 6 potions of curing
 w - 2 potions of flight
 C - a potion of cancellation {unknown}
 G - 3 potions of brilliance
Books
 x - a book of Maledictions

   Spells                             Type                      Level
   a - Corona                         Hexes                        1
   b - Ensorcelled Hibernation        Hexes/Ice                    2
   c - Confuse                        Hexes                        3
   d - Tukima's Dance                 Hexes                        3
   e - Dazzling Spray                 Conjuration/Hexes            3
Comestibles
 d - 11 bread rations
 g - 4 meat rations
 h - 3 royal jellies


   Skills:
 + Level 8.4 Fighting
 - Level 2.4 Dodging
 - Level 2.4 Shields
 + Level 9.6 Unarmed Combat


You had 8 spell levels left.
You didn't know any spells.

Dungeon Overview and Level Annotations

Branches:
Dungeon (8/15)             Temple (1/1) D:6
   Lair: D:8-11

Altars:
Ashenzari
Cheibriados
Dithmenos
Elyvilon
Fedhas
Gozag
Hepliaklqana
Makhleb
Nemelex Xobeh
Okawaru
Qazlal
Ru
Trog
Uskayaw
Xom
Yredelemnul
Zin
The Shining One

Shops:
D:5 [

Annotations:
D:8 Joseph


Innate Abilities, Weirdness & Mutations

You are too large for most types of armour.
You have claws for hands.
Your metabolism is lightning-fast.
You like to eat raw meat.
Your natural rate of healing is unusually fast.
You are covered in fur. (AC +1)
You have very tough skin. (AC +2)


Message History

The quokka bites you but does no damage.
You block the ogre's attack.
You mangle Joseph!!
Joseph is severely wounded.
The quokka bites you.
* * * LOW HITPOINT WARNING * * *
You block Joseph's attack. The ogre misses you.
You barely miss Joseph.
Joseph is severely wounded.
The quokka bites you but does no damage.
You block Joseph's attack. The quokka barely misses you.
You closely miss Joseph.
Joseph is severely wounded.
You block the ogre's attack.
Joseph hits you with an uncursed quarterstaff!!
* * * LOW HITPOINT WARNING * * *
You closely miss Joseph.
Joseph is severely wounded.
The quokka completely misses you. The ogre hits you with a giant club!!
You die...

..#..........#
...........(.# #...#
.............# #...#
............# #.#.#
...........# #.#.#
...........# #.#.#
......Or...#####.#.#
......@@(.(........####
..........#.(.<.......#
.........##........##.#
.##########........##
.#####..........#.#
..................#
.#######.....###..#
##.....## ."# #.......#
###


You could see Joseph, an ogre and a quokka.

Vanquished Creatures
  Grinder (D:6)
  A hornet (D:7)
  Sigmund (D:6)
  A spriggan (D:7)
  Eustachio (D:6)
  The ghost of tidbits the Insei, an amateur DgTm (Ossuary)
  An ice beast (D:6)
  A sky beast (D:5)
  A black bear (D:6)
  A phantom (D:3)
  A centaur (D:7)
  A crocodile (D:5)
  3 bullfrogs
  Blork the orc (D:4)
  3 crimson imps
  A bullfrog zombie (D:6)
  An orc priest (D:4)
  2 bullfrog skeletons (D:6)
  5 hounds
  4 orc wizards
  2 centaur skeletons
  3 iguanas
  6 worker ants
  A hound skeleton (D:5)
  8 mummies (Ossuary)
  A worker ant zombie (D:7)
  10 gnolls
  9 adders
  A shadow imp (D:6)
  An ooze (D:1)
  An adder zombie (D:5)
  4 worms
  5 dart slugs
  3 leopard geckos
  8 orcs
  6 giant cockroaches
  12 goblins
  10 hobgoblins
  10 jackals
  11 kobolds
  6 quokkas
  2 ball pythons (D:3)
  6 bats
  10 frilled lizards
  A giant cockroach zombie (D:6)
  2 gnoll zombies (Ossuary)
  3 hobgoblin zombies (Ossuary)
  3 orc zombies (Ossuary)
  A quokka skeleton (D:4)
  4 rats
182 creatures vanquished.

Notes
Turn   | Place    | Note
-------+----------+-------------------------------------------
     0 | D:1      | polve the Troll Fighter began the quest for the Orb.
     0 | D:1      | Reached XP level 1. HP: 22/22 MP: 0/0
    96 | D:1      | Reached XP level 2. HP: 29/29 MP: 1/1
   226 | D:1      | Reached skill level 3 in Unarmed Combat
   274 | D:1      | Reached XP level 3. HP: 31/36 MP: 2/2
   714 | D:2      | Reached XP level 4. HP: 34/45 MP: 3/3
  1363 | D:3      | Reached XP level 5. HP: 24/54 MP: 4/4
  1367 | D:3      | Reached skill level 4 in Unarmed Combat
  1770 | D:3      | Noticed a phantom
  1798 | D:3      | Killed a phantom
  2126 | D:3      | Reached XP level 6. HP: 62/62 MP: 5/5
  2209 | D:4      | Found a basalt altar of Yredelemnul.
  2322 | D:4      | Reached skill level 5 in Unarmed Combat
  2378 | D:4      | Found a sacrificial altar of Ru.
  2400 | D:4      | Noticed Blork the orc
  2404 | D:4      | Killed Blork the orc
  2438 | D:4      | Reached skill level 5 in Fighting
  2504 | D:4      | Reached XP level 7. HP: 72/72 MP: 6/6
  2836 | D:5      | Entered Level 5 of the Dungeon
  2910 | D:5      | Found a sand-covered staircase.
  2919 | Ossuary  | Entered an ossuary
  2936 | Ossuary  | Noticed tidbits's ghost (amateur DgTm)
  2971 | Ossuary  | Killed tidbits's ghost
  2971 | Ossuary  | Reached skill level 6 in Unarmed Combat
  3379 | D:5      | Found an iron altar of Okawaru.
  3410 | D:5      | Got a steaming zirconium amulet
  3503 | D:5      | Identified the amulet "Nenotuna" {Faith MP+9 Int+4} (You found it on level 5 of the Dungeon)
  3521 | D:5      | Reached XP level 8. HP: 83/83 MP: 7/7
  3642 | D:5      | Found Hideng's Antique Armour Emporium.
  3652 | D:5      | Bought a smoking robe for 136 gold pieces
  3662 | D:5      | Identified the cursed +1 robe of Lethargy {rElec MR- Str+5} (You bought it in a shop on level 5 of the Dungeon)
  3789 | D:5      | Reached skill level 7 in Unarmed Combat
  4074 | D:6      | Found a staircase to the Ecumenical Temple.
  4081 | D:6      | Noticed Eustachio
  4110 | D:6      | Killed Eustachio
  4118 | Temple   | Entered the Ecumenical Temple
  4476 | D:6      | Reached skill level 8 in Unarmed Combat
  4829 | D:6      | Reached XP level 9. HP: 86/93 MP: 8/8
  4855 | D:6      | Noticed Grinder
  4864 | D:6      | Paralysed by Grinder for 3 turns
  4871 | D:6      | Killed Grinder
  4920 | D:6      | Noticed Sigmund
  4937 | D:6      | Killed Sigmund
  5383 | D:7      | Reached skill level 9 in Unarmed Combat
  5420 | D:7      | Paralysed by a hornet for 2 turns
  5754 | D:7      | Found a hazy altar of Hepliaklqana.
  5755 | D:7      | Found a hide-covered altar of Uskayaw.
  5758 | D:7      | Found a glowing golden altar of the Shining One.
  5760 | D:7      | Found an opulent altar of Gozag.
  5760 | D:7      | Found a shadowy altar of Dithmenos.
  5761 | D:7      | Found a shimmering altar of Xom.
  5794 | D:7      | Found a sparkling altar of Nemelex Xobeh.
  6162 | D:8      | Noticed Joseph
  6175 | D:8      | HP: 4/97 [Joseph/uncursed quarterstaff (18)]
  6176 | D:8      | Demolished by an ogre

Skill      XL: |  1  2  3  4  5  6  7  8  9 |
---------------+----------------------------+-----
Unarmed Combat | 3 4 5 6 8 9 |  9.6
Fighting       | 3 4 5 6 7 8 |  8.4
Dodging        | |  2.4
Shields        | |  2.4

Action                   |  1- 3 |  4- 6 |  7- 9 || total
-------------------------+-------+-------+-------++-------
Melee: Unarmed           |   120 |   190 |   315 ||   625
  Use: Potion            |       |       |     2 ||     2
       Scroll            |       |       |    11 ||    11
 Stab: Sleeping          |     2 |       |       ||     2
       Paralysed         |       |     1 |       ||     1
  Eat: Chunk             |    12 |    17 |    34 ||    63
Armor: Robe              |    47 |    42 |    70 ||   159
Dodge: Dodged            |    43 |    57 |   102 ||   202
Block: Shield            |    77 |    63 |   124 ||   264
